 Dungeon Crawl Stone Soup version 0.21-a0-110-g8e1637b (webtiles) character file.

45259 Kidiri the Thaumaturge (level 14, -5/84 HPs)
             Began as a Deep Elf Fire Elementalist on July 9, 2017.
             Was a High Priest of Vehumet.
             Shot with an arrow by Nessos (37 damage)
             ... on level 5 of the Lair of Beasts.
             The game lasted 01:44:33 (26294 turns).

Kidiri the Thaumaturge (DEFE)                      Turns: 26294, Time: 01:44:33

Health: -5/84      AC: 10    Str:  5    XL:     14   Next: 0%
Magic:  25/43      EV: 18    Int: 28    God:    Vehumet [*****.]
Gold:   1193       SH:  6    Dex: 15    Spells: 5/42 levels left

rFire    + + .     SeeInvis .   x - +5 war axe of Istrotese {chop, Fragile rF+ rC++}
rCold    + + +     Gourm    .   w - +0 buckler
rNeg     + . .     Faith    .   l - +2 robe {rC+}
rPois    +         Spirit   .   (helmet restricted)
rElec    .         Reflect  .   f - +0 cloak
rCorr    .         Harm     +   v - +0 pair of gloves
MR       +....                  L - +0 pair of boots
Stlth    ++........             D - amulet of harm
HPRegen  0.24/turn              E - ring of the Sturgeon {rF+ rN+}
MPRegen  0.28/turn              b - ring of magical power

@: studying Fighting
A: antennae 1, molten scales 1, clever 1, poison resistance
a: Renounce Religion


You were on level 5 of the Lair of Beasts.
You worshipped Vehumet.
Vehumet was extremely pleased with you.
You were not hungry.

You visited 3 branches of the dungeon, and saw 17 of its levels.
You also visited: Ice Cave.

You collected 1193 gold pieces.

Inventory:

Hand Weapons
 x - the +5 war axe of Istrotese (weapon) {chop, Fragile rF+ rC++}
   (You found it on level 7 of the Dungeon)

   It inflicts extra damage upon your enemies.
   It protects you from fire.
   It greatly protects you from cold.
   It will be destroyed if unequipped.
Armour
 f - a +0 cloak (worn)
 l - a +2 robe of cold resistance (worn)
 v - a +0 pair of gloves (worn)
 w - a +0 buckler (worn)
 y - a +0 troll leather armour
 L - a +0 pair of boots (worn)
 O - a +2 large shield
Jewellery
 b - a ring of magical power (right hand)
 c - an uncursed ring of ice
 d - an uncursed ring of resist corrosion
 h - an uncursed ring of protection from cold
 o - an uncursed ring of protection from fire
 D - an amulet of harm (around neck)
 E - the ring of the Sturgeon (left hand) {rF+ rN+}
   (You found it on level 8 of the Dungeon)

   [ring of positive energy]

   It protects you from fire.
   It protects you from negative energy.
 N - an uncursed ring of flight
Wands
 u - a wand of confusion (16/48)
 C - a wand of iceblast (13/15)
 H - a wand of polymorph (10/24)
Scrolls
 e - a scroll of amnesia
 t - 3 scrolls of remove curse
 K - a scroll of blinking
 P - a scroll of fear
 Q - a scroll of enchant armour {unknown}
Potions
 g - 3 potions of berserk rage
 i - 2 potions of brilliance
 n - 3 potions of flight
 q - 3 potions of mutation
 s - 4 potions of heal wounds {unknown}
 z - 4 potions of might
 A - 2 potions of haste
 B - 2 potions of agility {unknown}
 F - 2 potions of resistance {unknown}
 G - 4 potions of lignification
Books
 r - a manual of Fighting
 I - a book of the Tempests

   Spells                             Type                      Level
   a - Static Discharge               Conjuration/Air              3
   b - Lightning Bolt                 Conjuration/Air              5
   c - Ignition                       Fire                         8
   d - Tornado                        Air                          9
   e - Shatter                        Earth                        9
 M - a book of Ice

   Spells                             Type                      Level
   a - Ice Form                       Ice/Transmutation            4
   b - Metabolic Englaciation         Hexes/Ice                    5
   c - Ozocubu's Refrigeration        Ice                          6
   d - Bolt of Cold                   Conjuration/Ice              6
   e - Freezing Cloud                 Conjuration/Ice/Air          6
   f - Simulacrum                     Ice/Necromancy               6
Comestibles
 a - a fruit
 k - 5 meat rations
 m - 8 bread rations
 p - 11 chunks of flesh
 J - 11 royal jellies


   Skills:
 + Level 8.0 Fighting
   Level 6.3 Short Blades
 + Level 6.3 Armour
 + Level 9.1 Dodging
 - Level 2.4 Stealth
 + Level 6.1 Shields
 * Level 14.9 Spellcasting
 + Level 9.4 Conjurations
 + Level 9.1 Fire Magic
 + Level 6.5 Ice Magic
 + Level 6.2 Air Magic
 + Level 3.3 Earth Magic


You had 5 spell levels left.
You knew the following spells:

 Your Spells              Type           Power        Failure   Level  Hunger
a - Flame Tongue          Conj/Fire      #####        1%          1    None
b - Throw Flame           Conj/Fire      ######       1%          2    None
c - Conjure Flame         Conj/Fire      ######..     1%          3    None
d - Inner Flame           Hex/Fire       #####...     1%          3    None
e - Sticky Flame          Conj/Fire      ######..     1%          4    None
f - Fireball              Conj/Fire      ######....   1%          5    None
g - Freezing Cloud        Conj/Ice/Air   ######....   4%          6    ####...
h - Lightning Bolt        Conj/Air       ######....   1%          5    None
i - Stone Arrow           Conj/Erth      ######       1%          3    None
j - Lee's Rapid Deconstr  Erth           #####.....   4%          5    None


Dungeon Overview and Level Annotations

Branches:
Dungeon (11/15)            Temple (1/1) D:4            Lair (5/6) D:11
 Shoals (0/4) Lair:4        Snake (0/4) Lair:3        Slime (0/5) Lair:5
    Orc (0/2) D:11

Altars:
Ashenzari
Cheibriados
Dithmenos
Elyvilon
Fedhas
Gozag
Hepliaklqana
Kikubaaqudgha
Makhleb
Nemelex Xobeh
Okawaru
Qazlal
Ru
Sif Muna
Trog
Uskayaw
Vehumet
Wu Jian
Xom
Yredelemnul
Zin
The Shining One

Shops:
D:4 *

Annotations:
Lair:5 exclusion: yak, Nessos


Innate Abilities, Weirdness & Mutations

You have a pair of small antennae on your head.
You are partially covered in molten scales. (AC +2)
Your mind is acute. (Int +2)
Your system is resistant to poisons. (rPois)


Message History

The fireball explodes!
The fireball engulfs Nessos.
Nessos is lightly wounded.
Nessos stands on his hind legs for a moment.
Nessos shoots an arrow.
The arrow hits you! The arrow burns you.
Unknown command.
Casting: Fireball
Confirm with . or Enter, or press ? or * to list all spells.
Aiming: Fireball
Press: ? - help, Shift-Dir - straight line, f/p - Nessos
Aim: Nessos, wielding a longbow of flaming and wearing a shiny centaur barding (lightly wounded, fast)
The fireball explodes!
The fireball engulfs Nessos.
Nessos is heavily wounded.
Nessos shoots an arrow.
The arrow hits you!! The arrow burns you.
Unknown command.
Casting: Fireball
Confirm with . or Enter, or press ? or * to list all spells.
Okay, then.
As you read the scroll of fog, it crumbles to dust.
The scroll dissolves into smoke.
Nessos shoots an arrow.
The arrow hits you!!
You die...

........# ##.........
#........### .# #..........
............# #.⌠ #..##.⌠.⌠..
#...........#.###... #. #.......
.P............#.#⌠. .......>...
c.. ......c..§.. #.......... ....
.......§§§§# #.....⌠.⌠.# ..##
.......§§§§#######..#.....#
#.....§§§@§§.P..#......... #..
#.....§§##§..P.#...# .... # ##.##
.###..§§#...P...#... ..#. .##....
#P.#####.....#.. .... ...... ##.#
##......## ...# #...# ###
#........###.## #...##
####.......##....# ##....######
##...#...÷...#..#.##
#.....P#...###...##......P.....##


You could see Nessos.

Vanquished Creatures
  A frost giant (IceCv)
  The ghost of PeterMcNeter the Grappler, a journeyman DrTm of Wu Jian (Lair:1)
  Josephine (Lair:4)
  Fannar (Lair:3)
  4 hydras
  A catoblepas (Lair:4)
  4 two-headed ogres
  A death yak (IceCv)
  A flayed ghost (D:8)
  An unseen horror (D:11)
  An ugly thing (Lair:1)
  A manticore (D:11)
  2 black mambas
  An ice statue (IceCv)
  6 spiny frogs
  2 rime drakes (IceCv)
  6 komodo dragons
  A queen bee (D:11)
  12 polar bears (IceCv)
  A troll (D:8)
  Prince Ribbit (D:5)
  18 blink frogs
  A meliai zombie (D:10)
  3 vampires (D:8)
  6 hippogriffs
  Sigmund (D:4)
  3 wraiths (Lair:4)
  28 yaks
  2 fire elementals
  2 wyverns (Lair:4)
  2 hungry ghosts (D:11)
  2 steam dragons
  8 fire bats (Lair:1)
  3 basilisks
  The ghost of p0werm0de the Skirmisher, an amateur DsCK of Xom (D:4)
  18 water moccasins
  6 porcupines
  2 black bears
  4 sky beasts
  4 orc warriors
  An eye of draining (D:8)
  2 ice beasts
  4 phantoms
  28 wolves
  6 ogres
  9 centaurs
  10 crocodiles
  16 bullfrogs
  A big kobold (D:10)
  A gnoll sergeant (D:8)
  A wyvern skeleton (D:10)
  3 scorpions
  The ghost of p0werm0de the Skirmisher, a weakling DsCK of Xom (D:3)
  A water moccasin skeleton (D:6)
  3 howler monkeys
  29 killer bees (D:11)
  An electric eel (Lair:4)
  3 crimson imps
  3 lava snakes
  A centaur zombie (D:10)
  6 hounds
  9 orc wizards
  2 orc priests
  17 jellies
  5 iguanas
  Natasha (thrice) (D:2)
  8 worker ants
  A hound zombie (D:11)
  A hound skeleton (D:8)
  A worker ant zombie (D:10)
  Robin (D:4)
  A howler monkey zombie (D:9)
  5 gnolls (D:8)
  A howler monkey skeleton (D:7)
  18 adders
  4 shadow imps
  12 white imps (Lair:2)
  7 oozes
  An adder skeleton (D:4)
  6 worms
  A dart slug (D:2)
  7 leopard geckos
  44 orcs
  7 bats
  4 giant cockroaches
  17 goblins
  8 hobgoblins
  4 jackals (D:2)
  6 quokkas
  3 ball pythons
  5 frilled lizards
  A jackal zombie (D:5)
  10 kobolds
  A leopard gecko skeleton (D:4)
  A quokka skeleton (D:5)
  12 rats
  A bush (Lair:5)
  A fungus (Lair:5)
  A plant (Lair:3)
531 creatures vanquished.

Vanquished Creatures (others)
  5 fungi
5 creatures vanquished.

Grand Total: 536 creatures vanquished

Notes
Turn   | Place    | Note
-------+----------+-------------------------------------------
     0 | D:1      | Kidiri the Deep Elf Fire Elementalist began the quest for the Orb.
     0 | D:1      | Reached XP level 1. HP: 10/10 MP: 6/6
   480 | D:1      | Reached XP level 2. HP: 14/15 MP: 4/8
   484 | D:1      | Learned a level 2 spell: Throw Flame
   792 | D:1      | Reached skill level 4 in Spellcasting
  1204 | D:1      | Reached XP level 3. HP: 15/19 MP: 8/10
  1265 | D:1      | Learned a level 3 spell: Conjure Flame
  1269 | D:1      | Learned a level 3 spell: Inner Flame
  1330 | D:2      | Noticed Natasha
  1440 | D:2      | Found an iron altar of Okawaru.
  1607 | D:2      | Killed Natasha
  1607 | D:2      | Reached XP level 4. HP: 9/24 MP: 8/12
  1671 | D:2      | Noticed Natasha
  1680 | D:2      | Killed Natasha
  1680 | D:2      | Reached skill level 5 in Spellcasting
  2070 | D:2      | Noticed Natasha
  2075 | D:2      | Killed Natasha
  2113 | D:2      | Learned a level 4 spell: Sticky Flame
  2145 | D:2      | Reached XP level 5. HP: 19/28 MP: 14/14
  2482 | D:2      | Found a hide-covered altar of Uskayaw.
  3008 | D:3      | Noticed p0werm0de's ghost (weakling DsCK)
  3188 | D:3      | Reached skill level 6 in Spellcasting
  3830 | D:3      | Killed p0werm0de's ghost
  3830 | D:3      | Reached XP level 6. HP: 32/32 MP: 6/17
  4118 | D:3      | Learned a level 5 spell: Fireball
  4367 | D:4      | Noticed Sigmund
  4801 | D:4      | Noticed Robin
  4818 | D:4      | Killed Robin
  5077 | D:4      | Found an opulent altar of Gozag.
  5106 | D:4      | Reached skill level 7 in Spellcasting
  5368 | D:4      | Noticed p0werm0de's ghost (amateur DsCK)
  5394 | D:4      | Killed p0werm0de's ghost
  5394 | D:4      | Reached skill level 1 in Short Blades
  5394 | D:4      | Reached skill level 1 in Armour
  5394 | D:4      | Reached skill level 5 in Fire Magic
  5394 | D:4      | Reached XP level 7. HP: 37/37 MP: 8/19
  5576 | D:4      | Found Gehergh's General Store.
  5801 | D:4      | Reached skill level 1 in Fighting
  5871 | D:4      | Found a staircase to the Ecumenical Temple.
  5875 | Temple   | Entered the Ecumenical Temple
  5974 | Temple   | Became a worshipper of Vehumet
  6177 | D:4      | Killed Sigmund
  6177 | D:4      | Reached skill level 8 in Spellcasting
  6338 | D:5      | Entered Level 5 of the Dungeon
  6385 | D:5      | Reached XP level 8. HP: 33/43 MP: 13/22
  6387 | D:5      | Noticed Prince Ribbit
  6391 | D:5      | Killed Prince Ribbit
  6657 | D:5      | Gained mutation: You have a pair of small antennae on your head. [potion of mutation]
  6657 | D:5      | Gained mutation: Your system is resistant to poisons. (rPois) [potion of mutation]
  6657 | D:5      | Gained mutation: You are partially covered in molten scales. (AC +2) [potion of mutation]
  7169 | D:5      | Reached skill level 9 in Spellcasting
  7648 | D:5      | Reached skill level 1 in Shields
  8271 | D:6      | Reached * piety under Vehumet
  8271 | D:6      | Offered knowledge of Shock by Vehumet.
  8278 | D:6      | Learned a level 1 spell: Shock
  8470 | D:6      | Reached skill level 5 in Conjurations
  9370 | D:7      | Reached XP level 9. HP: 49/49 MP: 17/24
  9455 | D:7      | Got an encrusted war axe
  9456 | D:7      | Identified the +5 war axe of Istrotese {chop, Fragile rF+ rC++} (You found it on level 7 of the Dungeon)
  9846 | D:7      | Reached skill level 1 in Air Magic
 10521 | D:8      | Found a transporter.
 10529 | D:8      | Found an iron altar of Okawaru.
 10532 | D:8      | Found a basalt altar of Yredelemnul.
 10544 | D:8      | Found a blossoming altar of Fedhas.
 10544 | D:8      | Found a glowing golden altar of the Shining One.
 10740 | D:8      | Reached skill level 5 in Dodging
 10740 | D:8      | Reached skill level 10 in Spellcasting
 10755 | D:8      | Found a transporter.
 10804 | D:8      | Found an ancient bone altar of Kikubaaqudgha.
 10847 | D:8      | Noticed a flayed ghost
 11047 | D:8      | Offered knowledge of Freeze by Vehumet.
 11078 | D:8      | Reached ** piety under Vehumet
 11276 | D:8      | Noticed a troll
 11293 | D:8      | Killed a troll
 11293 | D:8      | Reached XP level 10. HP: 11/56 MP: 9/26
 11566 | D:8      | Killed a flayed ghost
 11579 | D:8      | Reached skill level 11 in Spellcasting
 11609 | D:8      | Got a clouded tin ring
 11610 | D:8      | Identified the ring of the Sturgeon {rF+ rN+} (You found it on level 8 of the Dungeon)
 12154 | D:9      | Noticed a two-headed ogre
 12167 | D:9      | Killed a two-headed ogre
 12330 | D:9      | Noticed a two-headed ogre
 12343 | D:9      | Killed a two-headed ogre
 12611 | D:9      | Learned a level 1 spell: Freeze
 12629 | D:9      | Noticed a two-headed ogre
 12635 | D:9      | Killed a two-headed ogre
 12757 | D:9      | Reached skill level 1 in Ice Magic
 12802 | D:9      | Offered knowledge of Dazzling Spray by Vehumet.
 13002 | D:9      | Reached *** piety under Vehumet
 13119 | D:10     | Entered Level 10 of the Dungeon
 13309 | D:10     | Reached XP level 11. HP: 34/62 MP: 24/28
 13636 | D:10     | Found a blossoming altar of Fedhas.
 13677 | D:10     | Found a shadowy altar of Dithmenos.
 13708 | D:10     | Noticed a two-headed ogre
 13715 | D:10     | Killed a two-headed ogre
 13952 | D:10     | Offered knowledge of Fulminant Prism by Vehumet.
 14737 | D:11     | Noticed an unseen horror
 14739 | D:11     | Killed an unseen horror
 14739 | D:11     | Reached skill level 5 in Fighting
 14739 | D:11     | Reached skill level 12 in Spellcasting
 15069 | D:11     | Reached **** piety under Vehumet
 15195 | D:11     | Found a staircase to the Lair.
 15259 | D:11     | Reached skill level 5 in Short Blades
 15435 | D:11     | Found a staircase to the Orcish Mines.
 15558 | D:11     | Offered knowledge of Lightning Bolt by Vehumet.
 15570 | D:11     | Learned a level 5 spell: Lightning Bolt
 16200 | Lair:1   | Entered Level 1 of the Lair of Beasts
 16213 | Lair:1   | Noticed PeterMcNeter's ghost (journeyman DrTm)
 16760 | Lair:1   | Reached ***** piety under Vehumet
 16907 | Lair:1   | Killed PeterMcNeter's ghost
 16907 | Lair:1   | Reached XP level 12. HP: 52/69 MP: 28/30
 16996 | Lair:1   | Noticed an eight-headed hydra
 16998 | Lair:1   | Killed an eight-headed hydra
 17121 | Lair:1   | Offered knowledge of Iskenderun's Battlesphere by Vehumet.
 17165 | Lair:1   | Reached skill level 13 in Spellcasting
 17324 | Lair:1   | Gained mutation: Your mind is acute. (Int +2) [mutagenic meat]
 17843 | Lair:1   | Learned a level 3 spell: Stone Arrow
 17849 | Lair:1   | Learned a level 5 spell: Lee's Rapid Deconstruction
 18005 | Lair:2   | Found a shadowy altar of Dithmenos.
 18061 | Lair:2   | Reached skill level 5 in Armour
 18128 | Lair:2   | Found a frozen archway.
 18149 | IceCv    | Entered an ice cave
 18357 | IceCv    | Reached skill level 5 in Air Magic
 19497 | IceCv    | Reached skill level 5 in Shields
 19739 | IceCv    | Noticed a frost giant
 19739 | IceCv    | Noticed a death yak
 19753 | IceCv    | Killed a death yak
 19755 | IceCv    | Reached skill level 14 in Spellcasting
 19776 | IceCv    | Killed a frost giant
 19776 | IceCv    | Reached skill level 5 in Ice Magic
 19776 | IceCv    | Reached XP level 13. HP: 13/76 MP: 6/33
 20399 | Lair:1   | Learned a level 6 spell: Freezing Cloud
 20604 | Lair:2   | Offered knowledge of Throw Icicle by Vehumet.
 21254 | Lair:2   | Reached skill level 1 in Earth Magic
 21942 | Lair:3   | Identified the Tome of the Lethal Escort
 22206 | Lair:3   | Noticed Fannar
 22237 | Lair:3   | Found a staircase to the Snake Pit.
 22431 | Lair:3   | Killed Fannar
 24153 | Lair:4   | Found a staircase to the Shoals.
 24526 | Lair:4   | Noticed Josephine
 25162 | Lair:4   | Killed Josephine
 25287 | Lair:5   | Found a staircase to the Slime Pits.
 25359 | Lair:5   | Noticed Nessos
 26102 | Lair:5   | Offered knowledge of Bolt of Fire by Vehumet.
 26291 | Lair:5   | Reached XP level 14. HP: 84/84 MP: 34/34
 26294 | Lair:5   | Shot with an arrow by Nessos

Vault maps used:
D:1:      ncdulo_watergridlock
D:2:      eat_drink_and_be_merry_uskayaw, okawaru_metal_pillars_3, uniq_natasha
D:3:      first_bread
D:4:      grunt_gozag_statues, minmay_temple_entry_glassed_door, serial_shops,
          nicolae_shop_competitors_out_of_business, uniq_sigmund, uniq_robin
D:5:      uniq_prince_ribbit1
D:8:      gammafunk_temple_of_torment, gammafunk_temple_overflow_forgotten,
          nicolae_ossuary_entry_monument
D:9:      serial_column_ruins, column_ruins_circle_small, column_ruins_grid_1,
          column_ruins_open_medium, column_ruins_open_medium,
          column_ruins_open_small, column_ruins_grid_4, column_ruins_grid_1,
          hangedman_little_slice_of_home
D:10:     kennysheep_big_flooded_room, basic_altar, fedhas_altar_4
D:11:     lair_entry_dummy, david_orc_2, special_room, bh_chokoban,
          kennysheep_decorative_pillar, serial_bayou_pond_a
Temple:   regret_index_temple_waves
Lair:1:   lab_entry_generic
Lair:2:   portal_ice_cave_entry_imps, basic_altar, grunt_megastairs_4,
          infiniplex_staircase_pool
Lair:3:   minmay_snake_entry_six_corridors, uniq_fannar
Lair:4:   minmay_shoals_entry_centaurs, uniq_josephine
Lair:5:   minmay_slime_entry_jelly_boxes, grunt_megastairs_2, uniq_nessos
IceCv:    ice_cave_caverns_01

Skill      XL: |  1  2  3  4  5  6  7  8  9 10 11 12 13 |
---------------+----------------------------------------+-----
Spellcasting   | 4 5 6 7 8 9 10 11 12 14 | 14.9
Conjurations   | 2 3 4 5 6 7 8 9 |  9.4
Fire Magic     | 4 5 6 7 8 9 |  9.1
Short Blades   | 1 2 3 4 5 6 |  6.3
Armour         | 1 2 3 4 5 6 |  6.3
Dodging        | 3 4 5 6 7 8 9 |  9.1
Fighting       | 1 2 3 4 5 7 8 |  8.0
Shields        | 1 2 3 4 5 6 |  6.1
Air Magic      | 2 3 4 5 6 |  6.2
Ice Magic      | 1 3 5 6 |  6.5
Earth Magic    | 3 |  3.3
Stealth        | |  2.4

Action                   |  1- 3 |  4- 6 |  7- 9 | 10-12 | 13-15 || total
-------------------------+-------+-------+-------+-------+-------++-------
Melee: Unarmed           |    11 |       |       |       |       ||    11
       Dagger            |    12 |   138 |   112 |       |       ||   262
       War axe           |       |       |    54 |   175 |   102 ||   331
 Cast: Flame Tongue      |    56 |    72 |   101 |   147 |    55 ||   431
       Throw Flame       |     7 |    15 |    12 |    14 |     5 ||    53
       Conjure Flame     |       |     7 |     4 |    20 |     1 ||    32
       Sticky Flame      |       |     6 |    32 |    76 |    45 ||   159
       Inner Flame       |       |       |     5 |    11 |       ||    16
       Fireball          |       |       |     2 |    35 |    10 ||    47
       Freeze            |       |       |       |    27 |       ||    27
       Lightning Bolt    |       |       |       |    10 |    15 ||    25
       Shock             |       |       |       |     3 |       ||     3
       Freezing Cloud    |       |       |       |       |    17 ||    17
       Stone Arrow       |       |       |       |       |     7 ||     7
Evoke: Wand              |       |     5 |       |       |       ||     5
  Use: Scroll            |     3 |     4 |     7 |     8 |     3 ||    25
       Potion            |       |     1 |     2 |     4 |     1 ||     8
 Stab: Sleeping          |     3 |     4 |     5 |     7 |     2 ||    21
  Eat: Chunk             |     2 |     8 |     5 |     9 |     3 ||    27
       Bread ration      |       |     1 |     2 |       |       ||     3
       Royal jelly       |       |       |     3 |     9 |     5 ||    17
       Fruit             |       |       |       |     7 |    11 ||    18
Armor: Robe              |     7 |    18 |    37 |    63 |    17 ||   142
       Animal skin       |       |       |       |       |     6 ||     6
Dodge: Dodged            |    33 |    94 |   152 |   256 |   155 ||   690
Block: Buckler           |       |       |     6 |    71 |    53 ||   130
